 Dungeon Crawl Stone Soup version 0.22-a0-374-g5dfd9e3 (webtiles) character file.

17 4thArraOfDagon the Magician (level 2, -1/19 HPs)
             Began as a Mummy Ice Elementalist on Apr 26, 2018.
             Slain by a kobold
             ... wielding a +0 short sword
              (4 damage)
             ... on level 3 of the Dungeon.
             The game lasted 00:01:38 (337 turns).

4thArraOfDagon the Magician (Mummy Ice Elementalist) Turns: 337, Time: 00:01:39

Health: -1/19      AC:  2    Str: 11    XL:     2   Next: 44%
Magic:  5/6        EV: 12    Int: 14    God:
Gold:   42         SH:  0    Dex: 12    Spells: 6/7 levels left

rFire    x . .     SeeInvis .   g - +3 short sword
rCold    + . .     Gourm    .   (no shield)
rNeg     + + +     Faith    .   a - +0 robe
rPois    ∞         Spirit   .   (no helmet)
rElec    .         Reflect  .   (no cloak)
rCorr    .         Harm     .   (no gloves)
MR       .....                  (no boots)
Stlth    ++........             (no amulet)
HPRegen  0.06/turn              (no ring)
MPRegen  0.10/turn              (no ring)

@: no status effects
A: no food or potions, fire vulnerability, cold resistance 1, negative energy
resistance 3, torment resistance, unbreathing
a: no special abilities


You were on level 3 of the Dungeon.
You were not hungry.

You visited 1 branch of the dungeon, and saw 3 of its levels.

You collected 42 gold pieces.

Inventory:

Hand Weapons
 g - a +3 short sword (weapon)
Missiles
 b - 4 javelins (quivered)
Armour
 a - a +0 robe (worn)
Scrolls
 e - 2 scrolls of immolation {unknown}
 f - a scroll of teleportation


   Skills:
 - Level 1.5 Dodging
 - Level 1.5 Stealth
 + Level 3.1 Spellcasting
   Level 0.7 Conjurations
 * Level 3.0 Ice Magic


You had 6 spell levels left.
You knew the following spells:

 Your Spells              Type           Power        Failure   Level  Hunger
a - Freeze                Ice            ##..         6%          1    N/A

Dungeon Overview and Level Annotations

Branches:
Dungeon (3/15)

Altars:

Annotations:
D:3 Natasha


Innate Abilities, Weirdness & Mutations

You do not eat or drink.
Your flesh is vulnerable to fire.
You are immune to poison.
Your flesh is cold resistant. (rC+)
You are immune to negative energy. (rN+++)
You are immune to unholy pain and torment.
You can survive without breathing.


Message History

The adder closely misses you. The goblin hits you.
* * * LOW HITPOINT WARNING * * *
The adder barely misses you.
Unknown command.
Natasha wildly gestures.
You feel disoriented. The rat bites you but does no damage.
The goblin hits you but does no damage.
Unknown command.
As you read the scroll labeled ILETWU ZILESIST, it crumbles to dust.
You hear the tinkle of a tiny bell.
It was a scroll of random uselessness.
The kobold completely misses you. The rat misses you. The goblin hits you.
* * * LOW HITPOINT WARNING * * *
The rat closely misses you.
Unknown command.
As you read the scroll labeled NIAMPI EBEEH, it crumbles to dust.
It is a scroll of identify.
f - a scroll of teleportation The kobold hits you with a short sword.
You die...

............#
............#
.####)[.....#
###....## #
####5.# ###
..####g..##...##
#...h..........#
###rr..........#
#@gS.........#
#sK..........#
##..........##
##...##...##
##### ####


You could see Natasha, an adder, a shadow imp, a giant cockroach, 2 goblins, a
kobold and 2 rats.

Vanquished Creatures
  2 leopard geckos
  A bat (D:1)
  A giant cockroach (D:3)
  2 goblins
  A kobold (D:2)
  2 ball pythons
  3 frilled lizards
  3 rats
15 creatures vanquished.

Notes
Turn   | Place    | Note
-------+----------+-------------------------------------------
     0 | D:1      | 4thArraOfDagon the Mummy Ice Elementalist began the quest for the Orb.
     0 | D:1      | Reached XP level 1. HP: 13/13 MP: 4/4
   156 | D:2      | Reached XP level 2. HP: 10/19 MP: 4/6
   317 | D:3      | Noticed Natasha
   337 | D:3      | Slain by a kobold

Vault maps used:
D:1:      scummos_arrival_gate
D:2:      minmay_rat_gold_closets, uniq_crazy_yiuf_cottage, uniq_sigmund
D:3:      lemuel_coloured_pillars_altar, nicolae_overflow_hidden_temple,
          serial_glass, glass_columns_b, glass_columns_a, corexii_shack,
          uniq_natasha, uniq_jessica, uniq_robin

Skill      XL: |  1  2 |
---------------+-------+-----
Spellcasting   | 3 |  3.1
Ice Magic      | 3 |  3.0
Dodging        | |  1.5
Stealth        | |  1.5
Conjurations   | |  0.7

Action                   || total
-------------------------++-------
Melee: Unarmed           ||     8
       Short sword       ||     1
 Cast: Freeze            ||    20
  Use: Scroll            ||     2
Armor: Robe              ||    10
Dodge: Dodged            ||    26

Table legend:
 A = Spawn XP
 B = Non-spawn XP
 C = Spawn XP percentage of total XP
 D = Spawn monster count
 E = Non-spawn monster count
 F = Spawn count percentage of total count
 G = Total turns spent on level
                    A         B        C        D         E        F      G
               +---------+---------+-------+---------+---------+-------+---------
         Total |       0 |      25 |   0.0 |       0 |      15 |   0.0 |   337
               +---------+---------+-------+---------+---------+-------+---------
           D:1 |       0 |       7 |   0.0 |       0 |       5 |   0.0 |    96
           D:2 |       0 |      13 |   0.0 |       0 |       8 |   0.0 |   118
           D:3 |       0 |       5 |   0.0 |       0 |       2 |   0.0 |   123
               +---------+---------+-------+---------+---------+-------+---------
